Map: 2000 Atmospheres LE

Players

SpeCial - Winner!

  • Race: Terran Terran

TIME (Oliveira)

  • Race: Terran Terran

Event: IEM Katowice 2022

VOD

Have the link to the VOD?

Description

Time

  • Played on: Feb. 24, 2022, 3:17 p.m.
  • Length: 15:57

All games in this series

Show
View Real Time Build Order
Export as new Build Order

SpeCial Terran - Winner!

Build Orders: Mech 

Get SALT Encoding   

  12  0:00  SCV  
  13  0:12  SCV  
  14  0:17  Supply Depot  
  14  0:24  SCV  
  15  0:39  SCV  
  15  0:40  Barracks  
  16  0:44  Refinery  
  16  0:51  SCV  
  17  1:01  Barracks  
  17  1:04  SCV  
  18  1:16  SCV  
  19  1:21  Refinery  
  19  1:27  Reaper  
  19  1:30  Orbital Command  
  20  1:39  Supply Depot  
  20  1:48  Barracks Tech Lab  
  20  1:56  SCV  
  20  1:59  Reaper  
  22  2:07  Marauder, Concussive Shells  
  24  2:08  SCV  
  25  2:16  Supply Depot  
  25  2:21  SCV  
  26  2:30  Marauder  
  26  2:33  Reaper  
  26  2:35  SCV  
  30  2:41  Factory  
  30  2:48  SCV  
  30  3:00  SCV  
  31  3:06  Barracks Reactor  
  31  3:11  Command Center  
  31  3:15  SCV  
  32  3:25  Factory Tech Lab  
  32  3:26  Starport  
  32  3:28  SCV  
  32  3:33  Supply Depot  
  33  3:40  SCV  
  34  3:43  Marine x2  
  34  3:48  Cyclone  
  39  3:55  SCV  
  40  4:02  Starport Tech Lab  
  40  4:06  Marine x2  
  40  4:07  SCV  
  43  4:19  SCV  
  43  4:20  Siege Tank  
  47  4:25  Banshee  
  47  4:26  Orbital Command  
  47  4:30  Cloaking Field  
  50  4:34  SCV  
  51  4:43  Refinery  
  51  4:46  SCV  
  51  4:51  SCV  
  53  4:53  Cyclone  
  53  4:56  Supply Depot  
  53  4:58  SCV  
  57  5:04  SCV  
  58  5:09  Banshee  
  58  5:10  SCV  
  62  5:18  SCV  
  63  5:21  Supply Depot  
  63  5:22  SCV  
  63  5:23  Command Center  
  63  5:27  Cyclone  
  67  5:30  SCV  
  67  5:34  Refinery  
  68  5:37  Mag-Field Accelerator  
  68  5:40  SCV  
  68  5:42  SCV  
  70  5:46  Supply Depot  
  70  5:47  Marine x2  
  70  5:48  Engineering Bay  
  72  5:52  SCV  
  72  5:54  Banshee  
  76  5:58  SCV  
  78  6:04  SCV  
  78  6:05  Hyperflight Rotors  
  78  6:10  SCV  
  79  6:16  SCV  
  77  6:19  Supply Depot  
  77  6:21  Missile Turret, Cyclone  
  77  6:22  SCV  
  81  6:28  SCV  
  82  6:34  SCV  
  82  6:36  Banshee  
  82  6:37  Orbital Command  
  86  6:46  SCV  
  86  6:47  Missile Turret, SCV  
  87  6:48  Factory  
  87  6:55  Siege Tank  
  87  6:59  SCV x2  
  87  7:01  Supply Depot  
  91  7:02  Barracks Tech Lab, Factory  
  91  7:04  SCV  
  91  7:09  Refinery  
  91  7:11  SCV x2  
  91  7:12  Refinery  
  91  7:14  Supply Depot  
  93  7:16  SCV  
  93  7:20  Banshee  
  97  7:23  SCV x2  
  97  7:28  SCV  
  100  7:34  Siege Tank  
  100  7:35  SCV x2, Hellion x2  
  106  7:41  Supply Depot, SCV  
  107  7:44  Supply Depot  
  107  7:47  SCV x2  
  109  7:51  Armory  
  109  7:52  Armory  
  109  7:53  SCV  
  109  7:56  Siege Tank  
  113  7:59  SCV x2, Hellion  
  113  8:00  Hellion  
  113  8:05  SCV  
  120  8:08  Sensor Tower  
  120  8:09  Supply Depot  
  120  8:11  Banshee, SCV  
  124  8:14  SCV  
  124  8:17  SCV  
  126  8:23  Hellion x2, Siege Tank  
  133  8:28  Siege Tank  
  133  8:29  SCV  
  133  8:31  Supply Depot  
  137  8:35  Supply Depot  
  137  8:45  Missile Turret  
  137  8:46  Terran Vehicle Weapons Level 1  
  136  8:50  Missile Turret, Terran Vehicle And Ship Armor Level 1  
  136  8:52  SCV x2  
  136  8:55  Command Center  
  138  8:56  Hellion  
  138  8:57  Hellion  
  139  9:05  Siege Tank  
  139  9:06  Siege Tank  
  139  9:09  SCV  
  132  9:13  SCV  
  132  9:15  SCV  
  107  9:18  Hellion x2  
  107  9:21  SCV  
  99  9:25  SCV  
  99  9:27  SCV  
  99  9:31  Missile Turret  
  101  9:32  Factory  
  101  9:33  Factory  
  101  9:34  SCV  
  101  9:37  SCV, Siege Tank  
  106  9:39  Raven  
  106  9:43  Supply Depot  
  106  9:44  SCV  
  109  9:46  SCV  
  109  9:48  Infernal Pre-Igniter, Hellion x2  
  109  9:49  Siege Tank  
  117  9:55  SCV  
  117  9:56  SCV  
  117  9:58  SCV  
  120  10:09  Hellion x2, Siege Tank  
  120  10:11  Missile Turret  
  120  10:12  Refinery  
  120  10:13  Refinery  
  127  10:16  SCV, Missile Turret  
  127  10:17  SCV  
  127  10:18  Factory  
  127  10:20  Factory  
  127  10:21  Siege Tank  
  130  10:31  Hellion x2, Factory Tech Lab, Factory Reactor  
  134  10:37  Planetary Fortress  
  134  10:40  Sensor Tower  
  134  10:41  Siege Tank  
  137  10:46  Terran Vehicle Weapons Level 2  
  137  10:49  Starport Reactor  
  131  10:52  Hellion  
  131  10:54  Hellion  
  131  10:55  Siege Tank  
  138  10:57  Siege Tank  
  141  11:07  Factory Tech Lab  
  141  11:09  Factory Tech Lab  
  137  11:12  Missile Turret  
  137  11:13  Hellion, Siege Tank  
  137  11:16  Hellion  
  144  11:22  Hellion x2  
  144  11:23  Siege Tank  
  148  11:27  Siege Tank  
  148  11:28  Missile Turret  
  148  11:29  Missile Turret, Siege Tank  
  148  11:31  Siege Tank  
  157  11:35  Hellion  
  157  11:38  Missile Turret  
  159  11:40  Hellion  
  159  11:43  Viking x2  
  159  11:46  Siege Tank  
  165  11:49  Missile Turret, Hellion x2  
  165  11:53  Hellion x2  
  161  11:55  Siege Tank  
  161  11:56  Hellion  
  161  12:02  Hellion  
  161  12:03  Thor x2  
  161  12:05  Hellion  
  173  12:10  Hellion  
  173  12:11  Hellion  
  173  12:15  Viking x2  
  171  12:18  Hellion x2  
  175  12:24  Hellion  
  175  12:26  Thor  
  175  12:28  Terran Vehicle And Ship Armor Level 2  
  183  12:37  Command Center  
  183  12:46  Supply Depot  
  183  12:47  Thor  
  183  12:51  Viking x2  
  191  13:00  Cyclone  
  194  13:07  Thor  
  200  13:19  Starport  
  200  13:21  Starport  
  193  13:35  Hellion  
  193  13:36  Hellion  
  193  13:37  Viking x2  
  189  13:42  Hellion x2  
  182  13:50  Thor  
  182  13:52  SCV  
  164  13:57  Hellion  
  164  13:58  Hellion  
  164  14:00  Factory Tech Lab  
  164  14:01  SCV  
  164  14:03  Thor x2  
  164  14:04  SCV  
  177  14:13  SCV  
  174  14:28  Hellion  
  174  14:29  SCV  
  174  14:30  Cyclone  
  154  14:32  Viking  
  154  14:34  Cyclone  
  154  14:37  SCV  
  149  14:41  SCV  
  150  14:46  Siege Tank, Cyclone  
  150  14:50  Hellion  
  158  14:58  Hellion  
  160  15:01  SCV x2  
  160  15:02  Siege Tank  
  152  15:07  Hellion  
  152  15:12  Hellion  
  154  15:14  Refinery  
  154  15:15  Barracks  
  154  15:18  Cyclone  
  154  15:19  SCV x2, Hellion  
  161  15:22  Hellion  
  158  15:33  Hellion  
  158  15:34  Hellion  
  165  15:42  SCV  
  164  15:43  SCV  
Show
View Real Time Build Order
Export as new Build Order

TIME Terran 

Build Orders:  

Get SALT Encoding   

  12  0:00  SCV  
  13  0:12  SCV  
  14  0:17  Supply Depot  
  14  0:24  SCV  
  15  0:38  SCV  
  15  0:40  Barracks  
  16  0:44  Refinery  
  16  0:50  SCV  
  16  0:52  Refinery  
  17  1:03  SCV  
  18  1:15  SCV  
  19  1:27  Reaper  
  19  1:28  Orbital Command  
  19  1:31  Supply Depot  
  20  1:42  Factory  
  20  1:53  SCV  
  21  1:59  Reaper  
  22  2:05  SCV  
  23  2:18  SCV  
  23  2:19  Bunker  
  24  2:26  Widow Mine  
  25  2:33  Marine  
  25  2:34  Command Center  
  25  2:36  SCV  
  27  2:44  Supply Depot  
  27  2:51  Factory Tech Lab  
  26  2:54  SCV  
  27  3:01  Barracks Reactor  
  27  3:06  SCV  
  27  3:09  Siege Tank  
  31  3:18  SCV  
  32  3:25  Starport  
  32  3:30  SCV  
  33  3:37  Marine  
  33  3:38  Marine  
  35  3:42  SCV  
  35  3:46  Orbital Command  
  35  3:47  Cyclone  
  39  3:56  Marine x2  
  39  4:01  Starport Tech Lab, Refinery  
  39  4:02  SCV  
  42  4:09  Orbital Command  
  42  4:14  Marine x2  
  44  4:17  Supply Depot, SCV  
  43  4:25  Raven  
  43  4:30  SCV  
  46  4:33  Marine  
  46  4:35  SCV  
  48  4:42  SCV  
  48  4:45  Siege Tank  
  52  4:46  Marine  
  52  4:47  SCV  
  52  4:50  Supply Depot  
  54  4:54  SCV, Marine  
  54  4:59  SCV  
  57  5:06  SCV  
  58  5:09  Command Center  
  58  5:10  Raven  
  58  5:11  SCV  
  61  5:17  Marine x2  
  61  5:18  Supply Depot  
  61  5:20  SCV  
  64  5:23  SCV  
  64  5:27  Siege Tank  
  68  5:32  Refinery  
  68  5:33  SCV  
  69  5:35  SCV  
  69  5:38  Supply Depot  
  69  5:39  Marine x2  
  71  5:45  SCV  
  71  5:48  SCV  
  72  5:52  Barracks  
  72  5:54  Barracks  
  72  5:59  SCV  
  72  6:00  SCV  
  72  6:07  Viking x2  
  72  6:10  Marine  
  72  6:11  Stimpack  
  77  6:12  SCV  
  77  6:13  SCV  
  79  6:19  Siege Tank  
  79  6:24  Orbital Command  
  82  6:27  SCV  
  82  6:29  SCV  
  82  6:32  Marine  
  82  6:38  Viking  
  85  6:48  Barracks Reactor, Barracks Tech Lab  
  85  6:49  SCV  
  85  6:53  Siege Tank  
  87  6:56  Orbital Command  
  87  6:57  Marauder  
  87  6:58  SCV  
  89  7:01  SCV  
  90  7:08  Engineering Bay  
  90  7:09  Engineering Bay  
  90  7:12  Viking x2  
  90  7:13  SCV  
  95  7:15  Orbital Command  
  95  7:20  SCV, Concussive Shells  
  95  7:22  Marauder x2  
  100  7:26  SCV  
  101  7:34  Marine x2  
  100  7:39  SCV  
  100  7:40  Missile Turret x2  
  100  7:42  Terran Infantry Weapons Level 1, Terran Infantry Armor Level 1  
  102  7:44  SCV  
  102  7:45  Missile Turret  
  102  7:48  SCV  
  102  7:49  Supply Depot  
  102  7:51  SCV  
  104  7:55  Siege Tank  
  104  7:56  SCV  
  108  8:00  Marine  
  109  8:08  Supply Depot  
  109  8:09  Combat Shield  
  109  8:11  SCV, Marine x3  
  109  8:12  Supply Depot  
  113  8:15  SCV  
  113  8:17  Medivac  
  116  8:26  Medivac  
  116  8:27  Marine  
  117  8:28  SCV  
  117  8:33  Marine x2  
  117  8:34  SCV x2, Marauder  
  123  8:38  Siege Tank  
  126  8:44  SCV  
  127  8:52  Marine x2  
  127  8:53  Barracks x2, Marauder  
  127  8:55  SCV, Marine  
  130  8:57  SCV  
  130  9:00  Viking  
  132  9:05  Viking  
  123  9:15  Marine  
  123  9:16  Marine  
  95  9:18  Marine  
  95  9:19  Marauder  
  95  9:22  Siege Tank  
  95  9:23  SCV x2  
  97  9:24  SCV  
  96  9:32  Armory  
  96  9:33  Marine, Command Center  
  96  9:35  SCV x2, Medivac  
  96  9:37  Refinery x2, Medivac  
  101  9:41  Marine x2  
  101  9:42  Marauder  
  101  9:44  Barracks Reactor, Barracks Tech Lab  
  105  9:46  SCV  
  105  9:47  SCV  
  107  9:54  SCV  
  107  9:56  Siege Tank  
  112  10:05  Marauder x2  
  112  10:06  Liberator  
  118  10:12  Marauder  
  118  10:13  SCV x2  
  118  10:22  Marine x3  
  118  10:27  Marauder  
  122  10:30  Marine  
  122  10:32  Marine  
  122  10:33  Siege Tank  
  122  10:34  Marauder, Medivac  
  130  10:35  SCV  
  130  10:41  Terran Infantry Weapons Level 2  
  132  10:47  Supply Depot  
  132  10:48  Supply Depot  
  136  10:50  Marauder  
  133  10:58  SCV, Marine, Marauder  
  133  11:01  Barracks Reactor  
  133  11:02  Supply Depot, Barracks  
  133  11:04  Supply Depot  
  137  11:05  Barracks, Siege Tank  
  137  11:06  SCV  
  137  11:07  SCV  
  137  11:08  Barracks  
  137  11:09  Viking x2  
  146  11:12  Marine x2  
  146  11:13  Marauder  
  146  11:15  Marine  
  150  11:21  Terran Infantry Armor Level 2  
  150  11:23  Marine  
  150  11:28  Planetary Fortress  
  150  11:29  Missile Turret  
  150  11:30  Marine  
  150  11:31  Marauder  
  151  11:33  Missile Turret, Marine  
  151  11:37  Marauder  
  154  11:41  Marine  
  154  11:44  SCV  
  150  11:51  SCV  
  150  11:54  Marine  
  146  11:56  Marine x2, Marauder  
  146  11:57  Siege Tank  
  146  12:00  Medivac x2  
  151  12:11  SCV  
  151  12:12  SCV  
  151  12:13  Marine x2  
  151  12:14  Marauder  
  151  12:15  Barracks Reactor, Barracks Tech Lab x2  
  157  12:19  Sensor Tower  
  157  12:20  Marine  
  158  12:25  Marauder x2, Marine  
  163  12:34  Marine x2  
  163  12:35  Viking, Marauder  
  163  12:36  Viking  
  171  12:38  Supply Depot  
  171  12:45  Supply Depot  
  171  12:47  Marine  
  172  12:59  Marine x5, Terran Infantry Weapons Level 3  
  172  13:00  Marauder  
  172  13:02  Supply Depot  
  179  13:07  Marauder, Siege Tank  
  179  13:08  Marauder x2  
  188  13:23  Marine  
  182  13:30  Marine x2, Marauder  
  182  13:32  Marine x2  
  182  13:33  Marauder  
  165  13:36  Marine  
  165  13:37  Marine, Marauder x2  
  165  13:41  Marine  
  164  13:48  Marine x2  
  155  13:50  Marine  
  155  13:51  Marine  
  155  13:52  Marauder  
  155  13:54  Marine x2  
  155  13:55  Marauder  
  141  13:58  Marine, Marauder  
  141  13:59  Marine  
  141  14:00  Siege Tank  
  141  14:01  Medivac x2  
  146  14:05  Marine  
  146  14:09  Marine  
  144  14:10  Marine x2  
  144  14:12  Marauder  
  144  14:13  Marauder  
  144  14:15  Marine  
  144  14:16  Marauder, Marine  
  156  14:17  Marauder  
  156  14:19  Marine  
  156  14:23  Marine  
  133  14:32  Marine x2  
  133  14:33  Marauder  
  133  14:34  Marine x2, Command Center  
  133  14:35  Marauder, Medivac x2, Siege Tank  
  133  14:36  Marine  
  133  14:38  Marauder  
  128  14:39  Marine  
  128  14:45  Marine  
  132  14:46  Marauder  
  132  14:50  Marine  
  133  14:53  Marine x2  
  133  14:55  Marauder  
  137  15:05  Marine  
  95  15:07  Marine x2  
  95  15:08  Marauder, Siege Tank  
  95  15:09  Medivac x2  
  95  15:11  SCV x2  
  95  15:13  SCV, Marine x3, Marauder x2  
  109  15:19  SCV, Marine  
  109  15:20  Marauder  
  113  15:23  Marine  
  113  15:25  Marine x2  
  116  15:29  Marauder  
  116  15:30  Marine x2  
  116  15:35  Marauder  
  115  15:37  Marine  
  115  15:38  Marine  

Tags
 
Add a new tag
Caveats
  • Supply blocks, unpowered buildings, or Contaminate may cause inaccurate times.
  • Supply counts are checked every 10 seconds.